 Dungeon Crawl Stone Soup version 0.30.0-19-g36f170ea60 (webtiles) character file.

Game seed: 5931798747223553602

424 cheesebisquit the Grave Robber (level 6, -4/45 (52) HPs)
             Began as a Hill Orc Necromancer on May 31, 2023.
             Slain by an iguana (6 damage)
             ... on level 4 of the Dungeon.
             The game lasted 00:15:01 (4804 turns).

cheesebisquit the Grave Robber (HONe)               Turns: 4804, Time: 00:15:01

HP:   -4/45 (52)    AC: 11    Str:  9    XL:     6   Next: 96%
MP:   17/17         EV:  5    Int: 17    God:
Gold: 178           SH:  0    Dex: 11    Spells: 0/8 levels left

rFire   . . .        c - +1 hand axe
rCold   . . .        (no shield)
rNeg    . . .        s - +0 chain mail
rPois   .            (no helmet)
rElec   .            o - +1 cloak
rCorr   .            (no gloves)
SInv    .            (no boots)
Will    .....        (no amulet) Stlth
                     k - ring of flight
HPRegen 0.27/turn    r - ring of magical power
MPRegen 0.15/turn

%: no passive effects
@: flying, heavily drained
A: weak 1
a: no special abilities


You were on level 4 of the Dungeon.
You visited 1 branch of the dungeon, and saw 4 of its levels.
You also visited: Sewer.

You collected 178 gold pieces.

Inventory:

Hand Weapons
 c - a +1 hand axe (weapon)
 j - a +2 dagger of draining
Missiles
 i - 3 boomerangs
 t - 3 poisoned darts
Armour
 a - a +0 robe
 d - a +0 leather armour
 h - a +0 ring mail
 o - a +1 cloak (worn)
 s - a +0 chain mail (worn)
Jewellery
 k - a ring of flight (left hand)
 m - a ring of protection from cold
 n - a ring of fire
 r - a ring of magical power (right hand)
Wands
 e - a wand of digging (1)
Scrolls
 f - a scroll of immolation
 u - a scroll of fear {unknown}
Potions
 b - a potion of magic
 g - a potion of mutation
 p - a potion of brilliance {unknown}
 q - a potion of curing {unknown}


   Skills:
 + Level 3.8 Fighting
 * Level 1.5 Axes
 + Level 3.3 Armour
 + Level 3.1 Dodging
 + Level 3.3 Stealth
 - Level 1.5 Spellcasting
 - Level 4.0 Necromancy


You couldn't memorise any spells.
You knew the following spells:

 Your Spells              Type           Power      Damage    Failure   Level
a - Necrotise             Necr           56%        1d6       89%         1
b - Vampiric Draining     Necr           14%        2d7       99%         3
c - Animate Dead          Necr           14%        N/A       100%        4

Your spell library contained the following spells:

 Spells                   Type           Power      Damage    Failure   Level
 Apportation              Tloc           2%         N/A       100%        1
 Sandblast                Erth           2%         2d4       100%        1
 Summon Small Mammal      Summ           4%         N/A       100%        1
 Passwall                 Tmut/Erth      0%         N/A       100%        2
 Poisonous Vapours        Pois/Air       2%         N/A       100%        2
 Mephitic Cloud           Conj/Pois/Air  1%         N/A       100%        3
 Portal Projectile        Hex/Tloc       2%         N/A       100%        3
 Stone Arrow              Conj/Erth      2%         3d7       100%        3
 Tukima's Dance           Hex            1%         N/A       100%        3
 Agony                    Necr           14%        N/A       100%        5
 Blade Hands              Tmut           0%         N/A       100%        5
 Freezing Cloud           Conj/Ice/Air   0%         6-21      100%        5


Dungeon Overview and Level Annotations

Branches:
Dungeon (4/15)              Sewer (visited)
 Temple: D:4-7

Altars:
The Shining One

Annotations:
D:3 1 runed translucent door, Crazy Yiuf


Innate Abilities, Weirdness & Mutations

You are weak. (Str -2)


Message History

The howler monkey barely misses you. The endoplasm freezes you.
You are frozen.
You hit the howler monkey.
You kill the howler monkey!
You hit the endoplasm.
You kill the endoplasm!
You hit the iguana.
The iguana is moderately wounded.
The iguana bites you.
You hit the iguana.
The iguana is heavily wounded.
The iguana barely misses you.
You hit the iguana but do no damage.
The iguana is heavily wounded.
The iguana bites you but does no damage.
The iguana bites you.
You closely miss the iguana.
The iguana is heavily wounded.
The iguana bites you!
* * * LOW HITPOINT WARNING * * *
You hit the iguana but do no damage.
The iguana is heavily wounded.
The iguana bites you but does no damage.
You hit the iguana.
The iguana is heavily wounded.
The iguana bites you.
* * * LOW HITPOINT WARNING * * *
Okay, then.
As you read the scroll labelled DUNUFEPAGA, it crumbles to dust.
It is a scroll of enchant weapon.
Your +0 hand axe glows red for a moment.
The iguana bites you.
* * * LOW HITPOINT WARNING * * *
You hit the iguana but do no damage.
The iguana is heavily wounded.
The iguana bites you.
* * * LOW HITPOINT WARNING * * *
The iguana bites you.
You die...

#########
#.......#
#.......#
#.#####.###..
#.##.@l......
#.##.##.###..
#.##.##.#
#.......#
###...###
#.......#
##...##.#
##.## # ###


You could see an iguana.

Vanquished Creatures
  A water moccasin (Sewer)
  A howler monkey (D:4)
  An orc wizard (D:3)
  Terence (D:3)
  Robin (D:3)
  10 adders
  3 river rats (D:3)
  3 worms (D:3)
  2 dart slugs
  4 orcs (D:3)
  3 bats
  4 endoplasms
  2 giant cockroaches (D:2)
  10 goblins
  9 hobgoblins
  8 jackals
  4 quokkas
  4 ball pythons
  4 frilled lizards
  6 kobolds
  6 rats
87 creatures vanquished.

Vanquished Creatures (collateral kills)
  A kobold (D:3)
  3 rats
4 creatures vanquished.

Grand Total: 91 creatures vanquished

Notes
Turn   | Place    | Note
-------+----------+-------------------------------------------
     0 | D:1      | cheesebisquit the Hill Orc Necromancer began the quest for
                  | the Orb.
     0 | D:1      | Reached XP level 1. HP: 14/14 MP: 3/3
   283 | D:1      | Reached XP level 2. HP: 22/22 MP: 2/4
   549 | D:1      | Reached skill level 1 in Fighting
   940 | D:2      | Reached skill level 1 in Armour
   940 | D:2      | Reached XP level 3. HP: 28/28 MP: 1/5
  1778 | D:2      | Reached XP level 4. HP: 36/36 MP: 3/6
  1892 | D:3      | Noticed Terence
  2291 | D:3      | Reached XP level 5. HP: 37/42 MP: 0/7
  2457 | D:3      | Found a glowing drain.
  2474 | Sewer    | Entered a sewer
  2596 | Sewer    | Noticed a water moccasin
  2616 | Sewer    | Killed a water moccasin
  2617 | Sewer    | Reached XP level 6. HP: 32/51 MP: 6/8
  2865 | D:3      | Noticed Robin
  3059 | D:3      | Gained mutation: You are weak. (Str -2) [mutagenic glow]
  3160 | D:3      | Found a glowing golden altar of the Shining One.
  3165 | D:3      | Learned a level 3 spell: Vampiric Draining
  3170 | D:3      | Learned a level 4 spell: Animate Dead
  3308 | D:3      | Killed Terence
  3374 | D:3      | Found a runed translucent door.
  3375 | D:3      | Noticed Crazy Yiuf
  3692 | D:3      | Killed Robin
  4217 | D:3      | Reached skill level 1 in Axes
  4804 | D:4      | HP: 2/45 [iguana (2)]
  4804 | D:4      | Slain by an iguana

Illustrated notes

Levels and vault maps discovered:
D:1:      doesnt_arrival_eight_statues, layout_loops_ring
D:2:      layout_loops_cross, minmay_misc_feat_hallway
D:3:      layout_basic, tso_altar, lightli_sewer_entry_pipes, amethyst_killhole,
          uniq_robin, uniq_crazy_yiuf_cottage, uniq_terence
D:4:      layout_loops_cross

Skill      XL: |  1  2  3  4  5  6 |
---------------+-------------------+-----
Fighting       | 1 2 3 |  3.8
Armour         | 1 2 3 |  3.3
Stealth        | 2 3 |  3.3
Dodging        | 2 3 |  3.1
Axes           | 1 |  1.5
Spellcasting   | |  1.5
Necromancy     | |  4.0

Action                     |  1- 3 |  4- 6 || total
---------------------------+-------+-------++-------
  Melee: Club              |    19 |       ||    19
         Dagger            |    12 |    82 ||    94
         Hand axe          |       |   156 ||   156
         Punch             |       |     2 ||     2
   Cast: Necrotise         |    58 |    68 ||   126
    Use: Scroll            |       |     8 ||     8
         Potion            |       |     6 ||     6
   Stab: Invisible         |       |     1 ||     1
 Armour: Ring mail         |    23 |    22 ||    45
         Chain mail        |       |   188 ||   188
  Dodge: Dodged            |    23 |   102 ||   125
